 Dungeon Crawl Stone Soup version 0.20.1-1-g8b1a95d (webtiles) character file.

83 equalderp2856 the Covered (level 4, -6/41 HPs)
             Began as a Minotaur Fighter on Sept 27, 2017.
             Mangled by an ogre
             ... wielding a +0 giant spiked club
              (15 damage)
             ... on level 4 of the Dungeon.
             The game lasted 00:01:53 (1315 turns).

equalderp2856 the Covered (Minotaur Fighter)        Turns: 1315, Time: 00:01:54

Health: -6/41      AC:  7    Str: 20    XL:     4   Next: 22%
Magic:  3/3        EV:  7    Int:  5    God:
Gold:   106        SH:  9    Dex: 11    Spells: 3/3 levels left

rFire    . . .     SeeInvis .   a - +0 war axe
rCold    . . .     Gourm    .   c - +0 shield
rNeg     . . .     Faith    .   b - +0 scale mail
rPois    .         Spirit   .   (helmet restricted)
rElec    .         Reflect  .   (no cloak)
rCorr    .         Harm     .   (no gloves)
MR       .....                  (no boots)
Stlth    ..........             (no amulet)
Regen    0.2/turn               (no ring)
MPRegen  0.1/turn               (no ring)

@: no status effects
A: retaliatory headbutt, horns 2
a: no special abilities


You were on level 4 of the Dungeon.
You were very hungry.

You visited 1 branch of the dungeon, and saw 4 of its levels.

You collected 106 gold pieces.

Inventory:

Hand Weapons
 a - a +0 war axe (weapon)
Armour
 b - a +0 scale mail (worn)
 c - a +0 shield (worn)
Scrolls
 e - 2 scrolls of identify {unknown}
 g - a scroll of amnesia {unknown}
 h - a scroll of blinking {unknown}
 l - a scroll of recharging {unknown}
 m - a scroll of remove curse {unknown}
 n - a scroll of fear {unknown}
Potions
 d - 3 potions of might
 i - a potion of mutation {unknown}
 j - a potion of curing {unknown}
 k - a potion of haste {unknown}
 o - a potion of resistance {unknown}
Comestibles
 f - 4 bread rations
 p - a royal jelly


   Skills:
 + Level 4.4 Fighting
 + Level 2.9 Axes
 + Level 4.6 Armour
 + Level 0.4 Dodging
 + Level 4.3 Shields


You had 3 spell levels left.
You didn't know any spells.

Dungeon Overview and Level Annotations

Branches:
Dungeon (4/15)
 Temple: D:4-7

Altars:


Innate Abilities, Weirdness & Mutations

You reflexively headbutt those who attack you in melee.
You have a pair of horns on your head.


Message History

The ogre hits you with a giant spiked club!!
You closely miss the ogre. You headbutt the ogre!
The ogre is moderately wounded.
You slash the leopard gecko zombie!
You destroy the leopard gecko zombie!
The ogre barely misses you.
You closely miss the ogre.
The ogre is moderately wounded.
The ogre hits you with a giant spiked club!
* * * LOW HITPOINT WARNING * * *
You slash the ogre! You headbutt the ogre.
The ogre is severely wounded.
The ogre closely misses you.
You hit the ogre.
The ogre is almost dead.
You hit the ogre.
The ogre is almost dead.
You block the ogre's attack.
The ogre hits you with a giant spiked club!
You die...

####### . #.....#
#. #.....# #..
#...(.# ##..#####
#.....# ........#
#.....#
........###@....#
........).O)....#
.......<###.....#
........# #.....#
###..#### #.....#
#.. ####### ##


You could see an ogre.

Vanquished Creatures
  3 adders (D:2)
  2 oozes
  A worm (D:2)
  2 dart slugs (D:1)
  A leopard gecko (D:1)
  2 orcs (D:4)
  4 bats
  3 giant cockroaches
  4 goblins
  6 hobgoblins
  2 kobolds (D:1)
  A frilled lizard (D:2)
  A leopard gecko zombie (D:4)
  7 rats
39 creatures vanquished.

Notes
Turn   | Place    | Note
-------+----------+-------------------------------------------
     0 | D:1      | equalderp2856 the Minotaur Fighter began the quest for the Orb.
     0 | D:1      | Reached XP level 1. HP: 19/19 MP: 0/0
   176 | D:1      | Reached XP level 2. HP: 27/27 MP: 1/1
   487 | D:1      | Reached XP level 3. HP: 32/33 MP: 2/2
   748 | D:2      | Found a faded altar of an unknown god.
  1014 | D:2      | Reached XP level 4. HP: 41/41 MP: 3/3
  1166 | D:2      | You fall through a shaft for 2 floors!
  1166 | D:4      | Noticed an ogre
  1198 | D:4      | Noticed an ogre
  1201 | D:4      | Noticed an ogre
  1315 | D:4      | Mangled by an ogre

Skill      XL: |  1  2  3 |
---------------+----------+-----
Armour         | 4 |  4.6
Fighting       | 4 |  4.4
Shields        | 4 |  4.3
Axes           | |  2.9
Dodging        | |  0.4

Action                   |  1- 3 |  4- 6 || total
-------------------------+-------+-------++-------
Melee: War axe           |    81 |    10 ||    91
       Headbutt          |    11 |     3 ||    14
Armor: Scale mail        |    49 |     4 ||    53
Dodge: Dodged            |    36 |     6 ||    42
Block: Shield            |    44 |     5 ||    49
